 Dungeon Crawl Stone Soup version 0.27.1-33-g824d729ab1 (webtiles) character file.

Game seed: 281715182721734017

569 Wolffar the Magician (level 7, 0/40 HPs)
             Began as a Deep Elf Fire Elementalist on Dec 2, 2021.
             Was an Initiate of Vehumet.
             Slain by an ice beast (11 damage)
             ... on level 4 of the Dungeon.
             The game lasted 00:24:46 (6291 turns).

Wolffar the Magician (Deep Elf Fire Elementalist)   Turns: 6291, Time: 00:24:47

Health: 0/40       AC:  3    Str:  5    XL:     7   Next: 11%
Magic:  15/17      EV: 13    Int: 22    God:    Vehumet [......]
Gold:   169        SH:  0    Dex: 15    Spells: 10/17 levels left

rFire    . . .     SeeInvis .   d - staff of death
rCold    . . .     Faith    .   (no shield)
rNeg     + + .     Spirit   .   a - +0 robe
rPois    .         Reflect  .   (no helmet)
rElec    .         Harm     .   (no cloak)
rCorr    .         Rampage  .   l - +0 pair of gloves
Will     .....                  (no boots)
Stlth    ++........             (no amulet)
HPRegen  0.13/turn              t - ring of positive energy
MPRegen  0.15/turn              (no ring)

@: on berserk cooldown, slowed, very slow
A: no striking features
a: Renounce Religion


You were on level 4 of the Dungeon.
You worshipped Vehumet.
Vehumet was noncommittal.
You visited 2 branches of the dungeon, and saw 6 of its levels.

You collected 169 gold pieces.

Inventory:

Hand Weapons
 b - a +0 dagger
 k - a +2 whip of venom
 n - a +3 dagger of venom
 v - a +0 vorpal scythe
Missiles
 c - 136 stones
 q - 3 throwing nets
Armour
 a - a +0 robe (worn)
 l - a +0 pair of gloves (worn)
 u - a +4 chain mail of willpower
Magical Staves
 d - a staff of death (weapon)
Jewellery
 t - a ring of positive energy (left hand)
 y - a ring of ice
Wands
 w - a wand of acid (11)
 x - a wand of flame (18)
Scrolls
 f - 2 scrolls of identify {unknown}
 g - a scroll of blinking {unknown}
 j - a scroll of teleportation {unknown}
 o - 2 scrolls of fog {unknown}
 p - a scroll of fear {unknown}
 r - a scroll of amnesia {unknown}
Potions
 h - a potion of resistance {unknown}
 i - a potion of flight {unknown}
 m - 2 potions of lignification {unknown}
 s - a potion of cancellation {unknown}
 z - a potion of brilliance {unknown}


   Skills:
 * Level 2.3 Fighting
 * Level 2.4 Staves
 + Level 3.1 Dodging
 - Level 2.8 Stealth
 + Level 5.7 Spellcasting
 + Level 3.1 Conjurations
 + Level 5.1 Fire Magic


You had 10 spell levels left.
You knew the following spells:

 Your Spells              Type           Power      Damage    Failure   Level
a - Foxfire               Conj/Fire      96%        2x1d8     1%          1
b - Conjure Flame         Conj/Fire      24%        6-21      5%          3
c - Inner Flame           Hex/Fire       17%        N/A       10%         3

Your spell library contained the following spells:

 Spells                   Type           Power      Damage    Failure   Level
 Sticky Flame             Conj/Fire      24%        2d5       17%         4
 Fireball                 Conj/Fire      12%        3d7       43%         5
 Freezing Cloud           Conj/Ice/Air   5%         6-21      86%         5
 Simulacrum               Ice/Necr       4%         N/A       100%        6
 Polar Vortex             Ice            3%         N/A       100%        9


Dungeon Overview and Level Annotations

Branches:
Dungeon (5/15)             Temple (1/1) D:4

Altars:
Ashenzari
Cheibriados
Dithmenos
Elyvilon
Fedhas
Gozag
Hepliaklqana
Kikubaaqudgha
Makhleb
Nemelex Xobeh
Okawaru
Qazlal
Ru
Sif Muna
Trog
Uskayaw
Vehumet
Wu Jian
Xom
Yredelemnul
Zin
The Shining One


Message History

It was a potion of berserk rage.
A red film seems to cover your vision as you go berserk!
You feel yourself moving faster!
You feel mighty! The ice beast hits you. The ice beast freezes you!
* * * LOW HITPOINT WARNING * * *
Unknown command.
You feel a strong urge to attack something.
You feel your anger nearly subside.
You are too berserk!
Unknown command.
You are too berserk!
You are no longer berserk.
You are exhausted.
You feel yourself slow down.
Okay, then.
Casting: Foxfire (safe; 1% risk of failure)
Confirm with . or Enter, or press ? or * to list all spells.
You conjure some foxfire!
The foxfire hits the ice beast.
The ice beast is moderately wounded.
Your foxfire dissipates!
Casting: Foxfire (safe; 1% risk of failure)
Confirm with . or Enter, or press ? or * to list all spells.
You conjure some foxfire!
The foxfire hits the ice beast but does no damage.
The ice beast is moderately wounded.
The foxfire hits the ice beast!
The ice beast melts!
The ice beast is heavily wounded.
Casting: Foxfire (safe; 1% risk of failure)
Confirm with . or Enter, or press ? or * to list all spells.
You conjure some foxfire!
The ice beast misses you. x2
The foxfire hits the ice beast.
The ice beast melts!
The ice beast is severely wounded.
The foxfire hits the ice beast.
The ice beast melts!
The ice beast is almost dead.
The ice beast hits you but does no damage.
The ice beast closely misses you. The ice beast hits you.
* * * LOW HITPOINT WARNING * * *
The ice beast freezes you!
You die...

#.#.##.####≈≈≈#.##
#. #.#.##.#
####..# #.
#......# #.....#
#. ###.####
#.....# #. ##...##
#.....# #. #.....#
#.....# #. ##...##
########### ##.Y#
#.......# # ##@#
#.......# # #.#
#.#####.###
#.######.##.......
#...........##.###
#.##.##..#####.#
#....##........#
#.#####.########
#.......#
#########


You could see an ice beast.

Vanquished Creatures
  Sigmund (D:3)
  A phantom (D:4)
  A scorpion (D:3)
  A water moccasin skeleton (D:4)
  A howler monkey (D:4)
  Terence (D:3)
  Jessica (D:2)
  3 gnolls (D:2)
  2 adders
  An adder skeleton (D:4)
  3 dart slugs (D:1)
  A worm (D:4)
  An orc (D:4)
  11 ball pythons
  10 endoplasms
  3 giant cockroaches
  9 goblins
  10 hobgoblins
  6 jackals (D:2)
  5 kobolds
  5 quokkas
  2 bats
  4 frilled lizards
  10 rats
93 creatures vanquished.

Vanquished Creatures (others)
  411 foxfires
  2 plants (Temple)
413 creatures vanquished.

Grand Total: 506 creatures vanquished

Notes
Turn   | Place    | Note
-------+----------+-------------------------------------------
     0 | D:1      | Wolffar the Deep Elf Fire Elementalist began the quest for
                  | the Orb.
     0 | D:1      | Reached XP level 1. HP: 10/10 MP: 6/6
   221 | D:1      | Reached XP level 2. HP: 15/15 MP: 4/8
   831 | D:1      | Reached XP level 3. HP: 19/19 MP: 3/10
  1237 | D:1      | Found a faded altar of an unknown god.
  1893 | D:2      | Learned a level 3 spell: Conjure Flame
  2056 | D:2      | Noticed Jessica
  2059 | D:2      | Killed Jessica
  2060 | D:2      | Reached XP level 4. HP: 24/24 MP: 3/12
  2434 | D:2      | Reached skill level 1 in Staves
  3201 | D:2      | Reached skill level 1 in Fighting
  3755 | D:3      | Reached XP level 5. HP: 29/29 MP: 6/13
  4172 | D:3      | Noticed Terence
  4185 | D:3      | Killed Terence
  4320 | D:3      | Noticed Sigmund
  4325 | D:3      | Killed Sigmund
  4326 | D:3      | Reached skill level 5 in Spellcasting
  4326 | D:3      | Reached XP level 6. HP: 35/35 MP: 6/16
  4904 | D:4      | Found a staircase to the Ecumenical Temple.
  4915 | D:4      | Reached skill level 5 in Fire Magic
  4922 | Temple   | Entered the Ecumenical Temple
  5054 | Temple   | Became a worshipper of Vehumet
  5523 | D:4      | Learned a level 3 spell: Inner Flame
  5745 | D:4      | Reached XP level 7. HP: 40/40 MP: 11/17
  5883 | D:4      | Found an iron altar of Okawaru.
  6270 | D:5      | Entered Level 5 of the Dungeon
  6291 | D:4      | Slain by an ice beast

Illustrated notes

Levels and vault maps discovered:
D:1:      grunt_arrival_crossed_arrows, layout_rooms,
          ebering_ecumenical_altar_abandoned, minmay_split_cup_small
D:2:      layout_basic, uniq_jessica
D:3:      layout_basic, uniq_sigmund, uniq_terence
D:4:      layout_loops_cross, lemuel_round_altar,
          minmay_temple_entry_drinking_statues, st_stairs_5,
          kennysheep_small_circle
D:5:      layout_loops_cross, serial_shops, nicolae_square_shop,
          grunt_ministairs_2, small_statue_intersection
Temple:   kilobyte_greek_temple

Skill      XL: |  1  2  3  4  5  6 |
---------------+-------------------+-----
Dodging        | 3 |  3.1
Spellcasting   | 4 5 |  5.7
Fire Magic     | 4 5 |  5.1
Staves         | 1 2 |  2.4
Fighting       | 1 2 |  2.3
Conjurations   | 2 3 |  3.1
Stealth        | |  2.8

Action                   |  1- 3 |  4- 6 |  7- 9 || total
-------------------------+-------+-------+-------++-------
Melee: Dagger            |     1 |       |       ||     1
       Staff             |       |    14 |       ||    14
 Cast: Foxfire           |    91 |   158 |    21 ||   270
  Use: Potion            |       |       |     1 ||     1
Armor: Robe              |     3 |     5 |     2 ||    10
Dodge: Dodged            |     6 |     8 |     5 ||    19
